 Dungeon Crawl Stone Soup version 0.20.0-8-g6b59dc7 (webtiles) character file.

3730 MDvedh the Spear-Bearer (level 10, -1/84 HPs)
             Began as a Naga Berserker on June 2, 2017.
             Was a High Priest of Trog.
             Succumbed to a killer bee's poison
             ... on level 8 of the Dungeon.
             The game lasted 00:14:32 (6740 turns).

MDvedh the Spear-Bearer (Naga Berserker)            Turns: 6740, Time: 00:14:33

Health: -1/84      AC:  8    Str: 23    XL:     10   Next: 14%
Magic:  1/10       EV:  9    Int:  8    God:    Trog [*****.]
Gold:   383        SH:  0    Dex: 10    Spells: 9/9 levels left

rFire    . . .     SeeInvis +   r - +0 trident
rCold    . . .     Gourm    .   (no shield)
rNeg     . . .     Faith    .   t - +3 leather armour {rPois}
rPois    +         Spirit   +   z - +2 hat
rElec    .         Reflect  .   (no cloak)
rCorr    .         Harm     .   h - +1 pair of gloves
MR       +....                  (no barding)
Stlth    +.........             e - amulet of guardian spirit
Regen    0.3/turn               (no ring)
MPRegen  0.2/turn               (no ring)

@: lethally poisoned (-1 -> -8), corroded, berserk cooldown, very slightly
contaminated, slowed, very slow
A: see invisible, deformed body, poison resistance, slowness 2, slow metabolism
1, spit poison 1, AC +3
a: Spit Poison, Berserk, Trog's Hand, Brothers in Arms, Burn Spellbooks,
Renounce Religion


You were on level 8 of the Dungeon.
You worshipped Trog.
Trog was extremely pleased with you.
You were hungry.

You visited 1 branch of the dungeon, and saw 8 of its levels.
You also visited: Sewer and Ossuary.

You collected 383 gold pieces.

Inventory:

Hand Weapons
 a - a +1 spear
 r - a +0 trident (weapon)
Armour
 h - a +1 pair of gloves (worn)
 t - a +3 leather armour of poison resistance (worn)
 z - a +2 hat (worn)
Jewellery
 e - an amulet of guardian spirit (around neck)
 A - a cursed ring of teleportation {unknown}
 C - an uncursed ring of ice
Wands
 i - a wand of polymorph (9/24)
 k - a wand of flame (16/48)
 y - a wand of random effects (44/48)
Scrolls
 f - 5 scrolls of enchant armour
 j - 4 scrolls of identify
 l - 2 scrolls of teleportation
 u - 3 scrolls of remove curse
 v - 2 scrolls of magic mapping
 D - a scroll of recharging
 F - a scroll of silence {unknown}
Potions
 b - a potion of might
 d - 2 potions of ambrosia
 g - 2 potions of agility
 n - 2 potions of brilliance
 p - 2 potions of lignification
 q - 3 potions of curing
 w - 2 potions of heal wounds
 B - a potion of magic
 E - a potion of mutation
Comestibles
 m - 19 fruits
 o - 2 royal jellies
 s - 2 meat rations


   Skills:
 - Level 3.0 Fighting
 + Level 13.9 Polearms
 - Level 1.5 Armour
 - Level 1.5 Dodging


You had 9 spell levels left.
You didn't know any spells.

Dungeon Overview and Level Annotations

Branches:
Dungeon (8/15)             Temple (0/1) D:5
   Lair: D:8-11

Altars:
Ashenzari
Hepliaklqana
Ru
Sif Muna
Trog
Xom


Innate Abilities, Weirdness & Mutations

You cannot wear boots.
Your serpentine skin is tough. (AC +3)
You have supernaturally acute eyesight. (SInv)
Armour fits poorly on your strangely shaped body.
Your system is resistant to poisons. (rPois)
You cover ground very slowly.
You have a slow metabolism.
You can spit poison.


Message History

The worker ant barely misses you. The killer bee barely misses you.
Unknown command.
You puncture the worker ant!
You kill the worker ant!
Trog accepts your kill. The killer bee barely misses you.
Unknown command.
You are no longer berserk.
You are exhausted.
You feel yourself slow down.
* * * LOW HITPOINT WARNING * * *
You feel sick.
You see here a worker ant corpse.
Unknown command.
Okay, then.
Blink to where?
Press: ? - help, Dir - move target cursor You are very lightly contaminated with residual magic.
As you read the scroll of blinking, it crumbles to dust.
You die...

#....'....#.....#..###..
#...##...%#..##........#
##+##....%##yy#.##..†###
##..P.###.y.##......
#.....####y....###..
##....#.§yy........#
##..###..###.##..##.#
#.......####.##..#...
...##@##...##.........
######
#.##...#.......#.#
##...##
#.##.......#####.#
##.....###........###
###..
#.......##.......##
##....
#.......##..#....#
#..###
#...........#...<###
#.##
##.....######......###.#
#.......# ##...#.##..#


You could see 3 killer bees.

Vanquished Creatures
  Sigmund (D:3)
  Eustachio (D:5)
  Menkaure (D:5)
  2 orc warriors (D:6)
  3 phantoms
  2 ogres
  A necrophage (D:7)
  2 centaurs
  12 big kobolds
  A wyvern zombie (D:8)
  2 scorpions
  A killer bee (D:8)
  A centaur zombie (D:5)
  3 crimson imps
  2 orc priests (D:6)
  2 jellies (D:8)
  3 hounds
  Ijyb (D:5)
  10 orc wizards
  6 worker ants
  Natasha (thrice) (D:3)
  An iguana (D:4)
  7 big kobold zombies (Ossuary)
  A hound zombie (D:6)
  A hound skeleton (D:5)
  A mummy (Ossuary)
  2 worker ant zombies
  11 adders
  3 river rats (Sewer)
  2 shadow imps
  3 oozes
  An adder zombie (D:5)
  5 worms
  3 dart slugs
  4 leopard geckos
  24 orcs
  3 spectral bats (Ossuary)
  2 ball pythons (Sewer)
  3 giant cockroaches
  7 goblins
  8 hobgoblins
  3 jackals (D:2)
  18 kobolds
  6 quokkas
  8 bats
  2 bat simulacra (Ossuary)
  6 frilled lizards
  5 gnoll zombies (Ossuary)
  2 goblin simulacra (Ossuary)
  5 goblin zombies (Ossuary)
  5 hobgoblin zombies (Ossuary)
  2 kobold simulacra (Ossuary)
  2 kobold zombies (Ossuary)
  A leopard gecko zombie (D:6)
  6 orc zombies (Ossuary)
  A quokka skeleton (D:4)
  7 rats
  A rat simulacrum (Ossuary)
  7 spectral goblins (Ossuary)
  3 spectral kobolds (Ossuary)
  6 spectral rats (Ossuary)
248 creatures vanquished.

Notes
Turn   | Place    | Note
-------+----------+-------------------------------------------
     0 | D:1      | MDvedh the Naga Berserker began the quest for the Orb.
     0 | D:1      | Reached XP level 1. HP: 21/21 MP: 1/1
   224 | D:1      | Reached XP level 2. HP: 28/28 MP: 2/2
   695 | D:2      | Reached skill level 4 in Polearms
   699 | D:2      | Reached XP level 3. HP: 34/34 MP: 1/3
   780 | D:2      | Reached ** piety under Trog
   979 | D:2      | Reached XP level 4. HP: 23/42 MP: 4/4
  1187 | D:2      | You fall through a shaft!
  1187 | D:3      | Noticed Sigmund
  1193 | D:3      | Reached skill level 5 in Polearms
  1193 | D:3      | Reached XP level 5. HP: 49/49 MP: 5/5
  1202 | D:3      | Killed Sigmund
  1202 | D:3      | Reached skill level 6 in Polearms
  1202 | D:3      | Reached XP level 6. HP: 56/56 MP: 6/6
  1260 | D:3      | Noticed Natasha
  1266 | D:3      | Killed Natasha
  1266 | D:3      | Reached skill level 7 in Polearms
  1391 | D:3      | Noticed Natasha
  1404 | D:3      | Killed Natasha
  1474 | D:3      | Noticed Natasha
  1486 | D:3      | Killed Natasha
  1712 | D:3      | Found a glowing drain.
  1721 | Sewer    | Entered a sewer
  1786 | Sewer    | Reached XP level 7. HP: 62/62 MP: 7/7
  1873 | Sewer    | Reached skill level 8 in Polearms
  2067 | Sewer    | Reached skill level 9 in Polearms
  2124 | Sewer    | Reached *** piety under Trog
  2124 | Sewer    | Reached XP level 8. HP: 65/69 MP: 8/8
  2375 | Sewer    | Reached skill level 10 in Polearms
  2702 | D:4      | Found a bloodstained altar of Trog.
  3040 | D:4      | Reached skill level 11 in Polearms
  3174 | D:4      | Found a deep blue altar of Sif Muna.
  3174 | D:4      | Found a shattered altar of Ashenzari.
  3175 | D:4      | Found a shimmering altar of Xom.
  3226 | D:5      | Entered Level 5 of the Dungeon
  3299 | D:5      | Noticed Menkaure
  3307 | D:5      | Killed Menkaure
  3307 | D:5      | Reached XP level 9. HP: 61/75 MP: 3/9
  3439 | D:5      | Found a sand-covered staircase.
  3481 | D:5      | Found a staircase to the Ecumenical Temple.
  3521 | Ossuary  | Entered an ossuary
  3540 | Ossuary  | Reached **** piety under Trog
  3816 | Ossuary  | Reached ***** piety under Trog
  4036 | D:5      | Noticed Ijyb
  4043 | D:5      | Reached skill level 12 in Polearms
  4050 | D:5      | Killed Ijyb
  4065 | D:5      | Noticed Eustachio
  4085 | D:5      | Killed Eustachio
  4246 | D:5      | Received a gift from Trog
  4685 | D:6      | Found a hazy altar of Hepliaklqana.
  5176 | D:6      | Reached skill level 13 in Polearms
  6007 | D:7      | Reached XP level 10. HP: 77/84 MP: 8/10
  6498 | D:8      | Received a gift from Trog
  6674 | D:8      | Found a sacrificial altar of Ru.
  6737 | D:8      | HP: 3/126 [killer bee (6)]
  6739 | D:8      | HP: 1/84 [poisoned by a killer bee]
  6740 | D:8      | Succumbed to a killer bee's poison

Skill      XL: |  1  2  3  4  5  6  7  8  9 |
---------------+----------------------------+-----
Polearms       | 4 5 6 7 9 11 13 | 13.9
Fighting       | |  3.0
Armour         | |  1.5
Dodging        | |  1.5

Action                   |  1- 3 |  4- 6 |  7- 9 | 10-12 || total
-------------------------+-------+-------+-------+-------++-------
Melee: Spear             |   120 |   163 |   360 |       ||   643
       Trident           |       |       |   472 |   104 ||   576
Invok: Berserk           |     1 |     1 |     8 |     2 ||    12
       Burn Spellbooks   |       |       |     1 |       ||     1
       Trog's Hand       |       |       |     1 |       ||     1
  Use: Scroll            |       |     6 |    11 |     8 ||    25
       Potion            |       |       |       |     1 ||     1
 Stab: Sleeping          |     1 |       |       |       ||     1
  Eat: Chunk             |     1 |     3 |     6 |     3 ||    13
       Bread ration      |       |       |     3 |       ||     3
       Fruit             |       |       |       |     1 ||     1
Armor: Ring mail         |    28 |    49 |   152 |       ||   229
       Animal skin       |     2 |       |       |       ||     2
       Leather armour    |       |       |    43 |    36 ||    79
Dodge: Dodged            |    50 |    57 |   180 |    39 ||   326
